Map: Eternal Empire LE

Players

Robbie (Rob) - Winner!

  • Race: Protoss Protoss
  • League: Grandmaster
  • Spawn Location: 7:00

Jason

  • Race: Terran Terran
  • League: Grandmaster
  • Spawn Location: 1:00

Event: The Miserable Cup

VOD

Have the link to the VOD?

Description

Time

  • Played on: June 21, 2020, 10:15 a.m.
  • Length: 5:40

All games in this series

Show
View Real Time Build Order
Export as new Build Order

Robbie Protoss - Winner!

Build Orders: 1 Gate Expand, Dark Templar Rush 

Get SALT Encoding   

  12  0:00  Probe  
  13  0:12  Probe  
  14  0:18  Pylon  
  14  0:24  Probe  
  15  0:32  Probe  
  15  0:36  Gateway  
  15  0:40  Probe  
  16  0:45  Assimilator  
  17  0:51  Probe  
  18  1:03  Probe  
  19  1:15  Probe  
  20  1:22  Nexus  
  20  1:32  Probe  
  20  1:36  Cybernetics Core  
  21  1:40  Probe  
  21  1:43  Assimilator  
  22  1:50  Pylon  
  22  1:52  Probe  
  23  2:02  Adept  
  23  2:08  Probe  
  23  2:12  Warp Gate  
  26  2:20  Probe  
  27  2:31  Stalker  
  27  2:34  Probe  
  30  2:46  Probe  
  30  2:48  Probe  
  32  2:56  Probe, Twilight Council  
  32  2:58  Probe  
  32  3:03  Robotics Facility  
  32  3:05  Probe  
  34  3:08  Pylon  
  34  3:10  Probe  
  36  3:17  Probe  
  37  3:23  Probe  
  38  3:27  Gateway  
  38  3:29  Gateway  
  38  3:38  Gateway  
  38  3:40  Stalker  
  38  3:41  Dark Shrine  
  38  3:45  Probe x2  
  38  3:54  Warp Prism  
  38  3:55  Shield Battery  
  40  4:05  Probe  
  40  4:07  Probe  
  44  4:12  Pylon  
  44  4:17  Probe  
  44  4:19  Probe  
  44  4:22  Stalker, Assimilator  
  48  4:32  Stalker  
  50  4:38  Probe x2  
  50  4:41  Pylon  
  51  4:58  Dark Templar x2  
  51  4:59  Dark Templar  
  53  5:01  Probe x2  
  55  5:13  Pylon, Probe  
  56  5:14  Stalker  
  56  5:18  Pylon  
Show
View Real Time Build Order
Export as new Build Order

Jason Terran 

Build Orders: Reaper Expand 

Get SALT Encoding   

  12  0:01  SCV  
  13  0:13  SCV  
  14  0:17  Supply Depot  
  14  0:25  SCV  
  15  0:39  SCV  
  15  0:40  Barracks  
  16  0:44  Refinery  
  16  0:52  SCV  
  17  1:05  SCV  
  18  1:17  SCV  
  19  1:27  Reaper  
  19  1:29  Orbital Command  
  20  1:45  Command Center  
  20  1:57  SCV  
  20  1:58  Supply Depot  
  20  2:01  Marine  
  22  2:09  SCV  
  22  2:12  Factory  
  23  2:21  Refinery, SCV  
  24  2:26  Barracks Reactor  
  24  2:33  SCV  
  25  2:37  Bunker  
  25  2:45  SCV  
  25  2:56  Starport  
  26  2:58  Orbital Command  
  25  3:00  SCV  
  25  3:03  Widow Mine  
  28  3:06  Marine x2  
  28  3:12  SCV  
  31  3:24  SCV x2, Supply Depot  
  31  3:25  Widow Mine  
  31  3:26  Marine  
  36  3:27  Marine  
  37  3:34  Medivac  
  37  3:36  SCV  
  37  3:40  SCV  
  41  3:46  Marine x2  
  43  3:49  Widow Mine  
  43  3:50  SCV  
  46  3:59  Barracks, SCV  
  46  4:01  Barracks  
  47  4:04  SCV  
  47  4:05  Supply Depot  
  48  4:11  Engineering Bay  
  48  4:14  Marine x2  
  48  4:15  SCV  
  51  4:19  Refinery  
  51  4:20  SCV  
  52  4:27  Factory Tech Lab, Starport Tech Lab, Supply Depot  
  52  4:30  SCV  
  53  4:32  SCV  
  53  4:33  Marine  
  53  4:34  Marine  
  56  4:48  SCV  
  57  4:55  SCV  
  57  4:57  Marine  
  57  4:58  Marine  
  58  5:01  SCV  
  55  5:07  Marauder, SCV  
  55  5:08  Marauder  
  55  5:09  Starport Reactor  
  55  5:11  Factory Reactor  
  60  5:15  Marine x2, SCV  
  60  5:16  Supply Depot  
  60  5:20  Supply Depot  
  59  5:30  Missile Turret  
Tags
 
Add a new tag
Caveats
  • Supply blocks, unpowered buildings, or Contaminate may cause inaccurate times.
  • Supply counts are checked every 10 seconds.